 Dungeon Crawl Stone Soup version 0.24-a0-784-g601f8f6d22 (webtiles) character file.

Game seed: 3104885380362276327, levelgen mode: deterministic

8094 Kohma the Spear-Bearer (level 11, -9/83 HPs)
             Began as a Formicid Fighter on Oct 9, 2019.
             Was a Believer of Ashenzari.
             Mangled by a manticore (10 damage)
             ... on level 11 of the Dungeon.
             The game lasted 00:30:39 (10580 turns).

Kohma the Spear-Bearer (Formicid Fighter)          Turns: 10580, Time: 00:30:40

Health: -9/83      AC: 14    Str: 30    XL:     11   Next: 49%
Magic:  11/11      EV: 10    Int: 10    God:    Ashenzari [**....]
Gold:   194        SH: 14    Dex: 10    Spells: 10/10 levels left

rFire    + . .     SeeInvis +   K - +5 halberd (curse)
rCold    . . .     Gourm    .   c - +1 shield (curse)
rNeg     . . .     Faith    .   u - quicksilver dragon scales (curse)
rPois    .         Spirit   .   (helmet unavailable)
rElec    .         Reflect  .   (no cloak)
rCorr    .         Harm     .   C - +1 pair of gloves of Morality {rF+} (curse)
MR       ++...                  (no boots)
Stlth    ..........             (no amulet)
HPRegen  0.23/turn              G - +3 ring of intelligence
MPRegen  0.12/turn              (no ring)

@: mighty, barbed spikes
A: permanent stasis, dig shafts and tunnels, four strong arms, antennae 3
a: Dig, Shaft Self, Curse Item, Scrying, Renounce Religion


You were on level 11 of the Dungeon.
You worshipped Ashenzari.
Ashenzari was pleased with you.
You were very hungry.

You visited 2 branches of the dungeon, and saw 12 of its levels.

You collected 598 gold pieces.
You spent 404 gold pieces at shops.

Inventory:

Hand Weapons
 K - a cursed +5 halberd (weapon)
Missiles
 p - 13 boomerangs
 F - 24 poisoned darts
 I - 4 javelins (quivered)
Armour
 c - a cursed +1 shield (worn)
 u - cursed quicksilver dragon scales (worn)
 C - the cursed +1 pair of gloves of Morality (worn) {rF+}
   (You bought it in a shop on level 6 of the Dungeon)

   It protects you from fire.
   It has a curse placed upon it.
Jewellery
 g - an uncursed ring of positive energy
 G - a +3 ring of intelligence (left hand)
Wands
 m - a wand of acid (33)
 o - a wand of polymorph (9)
 w - a wand of enslavement (9)
 H - a wand of random effects (13)
 M - a wand of flame (6)
 N - a wand of paralysis (15)
Scrolls
 s - 2 scrolls of fog
 x - 3 scrolls of magic mapping
 A - a scroll of fear
 B - 4 scrolls of remove curse
Potions
 b - 4 potions of flight
 e - 2 potions of magic
 i - 2 potions of haste
 j - a potion of resistance
 k - a potion of cancellation
 r - a potion of ambrosia
 t - 6 potions of curing
 v - 2 potions of mutation
 z - a potion of brilliance
 D - a potion of agility
 J - 2 potions of lignification {unknown}
 L - a potion of invisibility {unknown}
Comestibles
 f - 28 rations


   Skills:
 + Level 6.7 Fighting
 * Level 13.4(15.4) Polearms
 + Level 6.7 Armour
 - Level 9.0(10.3) Shields


You had 10 spell levels left.
You didn't know any spells.
Your spell library contained the following spells:

 Spells                   Type           Power        Failure   Level  Hunger
 Animate Skeleton         Necr           N/A          45%         1    ##.....
 Apportation              Tloc           #.....       45%         1    ##.....
 Confusing Touch          Hex            #.....       45%         1    ##.....
 Infusion                 Chrm           #...         45%         1    ##.....
 Summon Small Mammal      Summ           #...         45%         1    ##.....
 Shroud of Golubria       Chrm/Tloc      #.....       61%         2    ###....
 Song of Slaying          Chrm           #.......     61%         2    ###....
 Regeneration             Chrm/Necr      #.........   83%         3    ####...
 Spectral Weapon          Hex/Chrm       #.......     83%         3    ####...


Dungeon Overview and Level Annotations

Branches:
Dungeon (11/15)            Temple (1/1) D:4            Lair (0/6) D:9
    Orc (0/2) D:9

Altars:
Ashenzari
Cheibriados
Dithmenos
Elyvilon
Fedhas
Gozag
Hepliaklqana
Kikubaaqudgha
Makhleb
Nemelex Xobeh
Okawaru
Qazlal
Ru
Sif Muna
Trog
Uskayaw
Vehumet
Wu Jian
Xom
Yredelemnul
Zin
The Shining One

Shops:
D:6 ?}*[[   D:9 ?

Annotations:
D:10 3 runed translucent doors, GordonOverkill's ghost, novice DsFE


Innate Abilities, Weirdness & Mutations

You cannot be hasted, slowed, berserked, paralysed or teleported.
You can dig through walls and to a lower floor.
Your four strong arms can wield two-handed weapons with a shield.
You have a pair of large antennae on your head. (SInv)


Message History

You slice the orc wizard!!
You kill the orc wizard!
The centaur warrior zombie misses you.
The crocodile bites you but does no damage.
You block the orc warrior's attack.
You hit the manticore.
The manticore is lightly wounded.
The centaur warrior zombie hits you but does no damage.
The orc closely misses you. You block the manticore's attack. x2
The manticore barely misses you.
The crocodile bites you but does no damage.
You barely miss the manticore.
The manticore is lightly wounded.
An orc comes into view. It is wielding a +0 short sword.
You block the orc warrior's attack.
The centaur warrior zombie hits you but does no damage.
The orc hits you from afar with a +0 trident.
* * * LOW HITPOINT WARNING * * *
The manticore bites you!
You die...

,, ,
........................
..........................
..........................
, ,
.........................%
,,
..........................
................o.........
>
........o)................
.......oZ@................
,, ,
.......)tH................
,
...#...#..(...............
,
.......#........<...#.....
, *
...#...#.......>...##.....
,..
##.o.........<......... .
...................... *
......................#
#...................###


You could see a manticore, an orc warrior, a crocodile, 2 orcs and a centaur
warrior zombie.

Vanquished Creatures
  2 two-headed ogres
  A manticore (D:11)
  4 hippogriffs
  3 hogs (D:7)
  Eustachio (D:6)
  A yak (D:7)
  A human (D:7)
  2 orc warriors
  3 sky beasts
  An ice beast (D:5)
  2 black bears
  2 phantoms
  A necrophage (D:7)
  An eye of draining (D:11)
  6 centaurs
  6 ogres
  4 bullfrogs
  Blork the orc (D:4)
  3 big kobolds
  A gnoll sergeant (D:6)
  A scorpion (D:6)
  A wyvern skeleton (D:10)
  2 howler monkeys
  9 wights (D:10)
  3 jellies
  An electric eel (D:6)
  7 crimson imps
  A bullfrog zombie (D:5)
  11 hounds
  3 orc priests
  3 orc wizards
  4 bullfrog skeletons
  2 iguanas
  9 worker ants
  2 hound skeletons
  9 gnolls
  2 worker ant zombies
  12 adders
  A howler monkey skeleton (D:6)
  3 shadow imps
  3 oozes
  An adder zombie (D:6)
  4 dart slugs
  2 worms
  3 leopard geckos
  22 orcs
  5 giant cockroaches
  12 goblins
  11 hobgoblins
  12 jackals
  4 quokkas
  4 ball pythons
  7 bats
  3 frilled lizards
  A jackal skeleton (D:4)
  14 kobolds
  A leopard gecko skeleton (D:6)
  A quokka skeleton (D:6)
  A quokka zombie (D:9)
  11 rats
254 creatures vanquished.

Notes
Turn   | Place    | Note
-------+----------+-------------------------------------------
     0 | D:1      | Kohma the Formicid Fighter began the quest for the Orb.
     0 | D:1      | Reached XP level 1. HP: 18/18 MP: 1/1
   111 | D:1      | Reached XP level 2. HP: 24/24 MP: 2/2
   166 | D:1      | Reached XP level 3. HP: 25/29 MP: 3/3
   428 | D:1      | Reached skill level 3 in Polearms
   603 | D:2      | Reached XP level 4. HP: 34/35 MP: 4/4
  1311 | D:2      | Reached XP level 5. HP: 41/41 MP: 5/5
  1850 | D:2      | Reached skill level 4 in Polearms
  2048 | D:3      | Noticed a sky beast
  2082 | D:3      | Killed a sky beast
  2082 | D:3      | Reached skill level 5 in Shields
  2082 | D:3      | Reached XP level 6. HP: 18/47 MP: 6/6
  2308 | D:3      | Reached skill level 5 in Polearms
  2784 | D:3      | Noticed a phantom
  2806 | D:3      | Killed a phantom
  2806 | D:3      | Reached XP level 7. HP: 44/52 MP: 7/7
  2816 | D:3      | Found a sacrificial altar of Ru.
  3159 | D:4      | Reached skill level 6 in Polearms
  3230 | D:4      | Found a staircase to the Ecumenical Temple.
  3236 | Temple   | Entered the Ecumenical Temple
  3249 | Temple   | Became a worshipper of Ashenzari the Shackled
  3593 | D:4      | Noticed Blork the orc
  3604 | D:4      | Killed Blork the orc
  4211 | D:5      | Entered Level 5 of the Dungeon
  4223 | D:5      | Reached XP level 8. HP: 58/58 MP: 8/8
  4285 | D:5      | Reached skill level 7 in Polearms
  4476 | D:5      | Reached skill level 8 in Polearms
  4966 | D:6      | Found Qydeinom's Armour Emporium.
  5091 | D:6      | Noticed Eustachio
  5140 | D:6      | Killed Eustachio
  5140 | D:6      | Reached XP level 9. HP: 53/64 MP: 9/9
  5188 | D:6      | Reached skill level 9 in Polearms
  5259 | D:6      | Found Sosyff's Antique Armour Boutique.
  5386 | D:6      | Found Viup's Assorted Antiques.
  5428 | D:6      | Bought a pair of pitted gloves for 247 gold pieces
  5433 | D:6      | Identified the +1 pair of gloves of Morality {rF+} (You
                  | bought it in a shop on level 6 of the Dungeon)
  5440 | D:6      | Reached * piety under Ashenzari
  5474 | D:6      | Found an opulent altar of Gozag.
  5571 | D:6      | Reached skill level 10 in Polearms
  5595 | D:6      | Found Piesiebb's Magic Scroll Shop.
  5603 | D:6      | Bought a scroll of identify for 22 gold pieces
  5603 | D:6      | Bought a scroll of identify for 22 gold pieces
  5603 | D:6      | Bought a scroll of random uselessness for 11 gold pieces
  5689 | D:6      | Found Kajokaqi's Gadget Emporium.
  6687 | D:7      | Reached skill level 11 in Polearms
  6687 | D:7      | Reached XP level 10. HP: 68/70 MP: 10/10
  7163 | D:7      | Reached skill level 12 in Polearms
  8089 | D:8      | Found an ancient bone altar of Kikubaaqudgha.
  8158 | D:8      | Noticed a two-headed ogre
  8167 | D:8      | Killed a two-headed ogre
  8167 | D:8      | Reached skill level 5 in Fighting
  8167 | D:8      | Reached skill level 5 in Armour
  8496 | D:8      | Reached ** piety under Ashenzari
  8676 | D:9      | Found a staircase to the Lair.
  8824 | D:9      | Found a staircase to the Orcish Mines.
  9018 | D:9      | Found Tomeu's Magic Scroll Boutique.
  9032 | D:9      | Bought a scroll of remove curse for 36 gold pieces
  9032 | D:9      | Bought a scroll of magic mapping for 42 gold pieces
  9032 | D:9      | Bought a scroll of identify for 24 gold pieces
  9176 | D:9      | Reached XP level 11. HP: 80/80 MP: 11/11
  9308 | D:10     | Entered Level 10 of the Dungeon
  9887 | D:10     | Reached skill level 13 in Polearms
  9948 | D:10     | Found a runed translucent gate.
  9949 | D:10     | Found a runed translucent gate.
  9950 | D:10     | Found a runed translucent gate.
  9950 | D:10     | Noticed GordonOverkill's ghost (novice DsFE)
 10541 | D:11     | Noticed a two-headed ogre
 10552 | D:11     | Killed a two-headed ogre
 10554 | D:11     | Noticed a manticore
 10563 | D:11     | Noticed a manticore
 10574 | D:11     | Killed a manticore
 10576 | D:11     | HP: 2/83 [orc warrior/+0 flail (11)]
 10580 | D:11     | Mangled by a manticore

Levels and vault maps discovered:
D:1:      zaba_arrival_water, layout_rooms
D:2:      layout_basic, first_ration
D:3:      layout_rooms, nicolae_ru_awakened_eye
D:4:      layout_basic, minmay_temple_entry_fiery, minivault_26,
          kennysheep_pointless_box, minmay_misc_feat_doors, uniq_blork_the_orc
D:5:      layout_basic
D:6:      layout_basic, marbit_many_paths, serial_shops, nicolae_shop_stone,
          shop, shop_coins, nicolae_shop_statue_plus, kennysheep_little_box,
          serial_bayou_pond_b, kennysheep_flooded_box, uniq_eustachio
D:7:      layout_loops_corners, grunt_livestock
D:8:      layout_cave_pods, basic_altar
D:9:      layout_roguey, lair_entry_dummy, david_orc_2, serial_shops,
          nicolae_shop_temple_entry_statues_fountains
D:10:     layout_loops_corners, gammafunk_ghost_nasty_kobolds
D:11:     layout_cross, nicolae_dithmenos_the_darkroom
Temple:   dpeg_three_leaves_temple

Skill      XL: |  1  2  3  4  5  6  7  8  9 10 11 |
---------------+----------------------------------+-----
Shields        | 4 5 6 8 9 |  9.0
Polearms       | 3 4 5 6 8 11 12 13 | 13.4
Fighting       | 5 6 |  6.7
Armour         | 5 6 |  6.7

Action                   |  1- 3 |  4- 6 |  7- 9 | 10-12 || total
-------------------------+-------+-------+-------+-------++-------
Melee: Trident           |    94 |    24 |       |       ||   118
       Halberd           |       |   176 |   466 |   341 ||   983
Throw: Boomerang         |       |     3 |       |       ||     3
       Javelin           |       |       |     2 |     7 ||     9
Invok: Curse Item        |       |       |     4 |     1 ||     5
  Use: Scroll            |       |       |    10 |    11 ||    21
       Potion            |       |       |       |     2 ||     2
  Eat: Chunk             |       |     7 |    13 |    11 ||    31
Armor: Scale mail        |    32 |    17 |       |       ||    49
       Quicksilver drago |       |    48 |   177 |   103 ||   328
Dodge: Dodged            |    18 |    61 |   167 |    85 ||   331
Block: Shield            |    42 |   103 |   273 |   157 ||   575

Table legend:
 A = Non-vault XP
 B = Vault XP
 C = Vault XP percentage of total XP
 D = Non-vault monster count
 E = Vault monster count
 F = Vault count percentage of total count
                 A         B        C        D         E       F
            +---------+---------+-------+---------+---------+-------
      Total |    9867 |    1696 |  14.7 |     237 |      17 |   6.7
            +---------+---------+-------+---------+---------+-------
        D:1 |      65 |       0 |   0.0 |      31 |       0 |   0.0
        D:2 |     120 |       0 |   0.0 |      24 |       0 |   0.0
        D:3 |     396 |       0 |   0.0 |      21 |       0 |   0.0
        D:4 |     277 |      99 |  26.3 |      19 |       1 |   5.0
        D:5 |     804 |       0 |   0.0 |      18 |       0 |   0.0
        D:6 |    1067 |     461 |  30.2 |      31 |       4 |  11.4
        D:7 |    1474 |     981 |  40.0 |      28 |       5 |  15.2
        D:8 |    1334 |       0 |   0.0 |      11 |       0 |   0.0
        D:9 |     560 |     155 |  21.7 |      15 |       7 |  31.8
       D:10 |    1333 |       0 |   0.0 |      25 |       0 |   0.0
       D:11 |    2437 |       0 |   0.0 |      14 |       0 |   0.0
            +---------+---------+-------+---------+---------+-------
